 Dungeon Crawl Stone Soup version 0.29-a0-43-g62a80824bf (webtiles) character file.

Game seed: 7500167033156354

182 HallandMoats the Skirmisher (level 5, -2/33 HPs)
             Began as a Gargoyle Fighter on Feb 2, 2022.
             Was a Plaything of Xom.
             Slain by an orc (5 damage)
             ... on level 4 of the Dungeon.
             The game lasted 00:01:33 (1388 turns).

HallandMoats the Skirmisher (Gargoyle Fighter)      Turns: 1388, Time: 00:01:34

Health: -2/33      AC: 11    Str: 20    XL:     5   Next: 61%
Magic:  6/6        EV: 13    Int:  8    God:    Xom [..*...]
Gold:   41         SH:  4    Dex: 11    Spells: 4/4 levels left

rFire   + . .      SeeInvis .   a - +0 trident
rCold   + . .      Faith    .   c - +0 buckler
rNeg    + . .      Spirit   .   b - +0 scale mail
rPois   ∞          Reflect  .   (no helmet)
rElec   +          Harm     .   j - scarf {rC+ rF+}
rCorr   .          Rampage  .   (no gloves)
Will    .....                   (no boots)
Stlth   ..........              (no amulet)
HPRegen 0.11/turn               f - +4 ring of evasion
MPRegen 0.10/turn               (no ring)

@: mighty
A: sickness immunity, AC +4, negative energy resistance 1, electricity
resistance, torment resistance 1, petrification resistance
a: Renounce Religion


You were on level 4 of the Dungeon.
You worshipped Xom.
You were a toy of Xom.
You visited 1 branch of the dungeon, and saw 3 of its levels.

You collected 41 gold pieces.

Inventory:

Hand Weapons
 a - a +0 trident (weapon)
Armour
 b - a +0 scale mail (worn)
 c - a +0 buckler (worn)
 j - a scarf of resistance (worn)
Jewellery
 f - a +4 ring of evasion (left hand)
Wands
 m - a wand of mindburst (23)
Scrolls
 e - a scroll of fog {unknown}
 g - a scroll of identify {unknown}
 i - a scroll of vulnerability {unknown}
Potions
 d - a potion of might
 h - a potion of ambrosia {unknown}
 k - a potion of curing {unknown}
 l - a potion of cancellation {unknown}


   Skills:
 * Level 4.2 Fighting
 * Level 2.8 Polearms
 + Level 3.8 Armour
 + Level 1.1 Dodging
 + Level 3.8 Shields
 * Level 2.4 Invocations


You had 4 spell levels left.
You didn't know any spells.
Your spell library was empty.

Dungeon Overview and Level Annotations

Branches:
Dungeon (2/15)

Altars:
Xom

Shops:
D:1 :


Innate Abilities, Weirdness & Mutations

You are immune to sickness and miasma.
Your stone body is resilient. (AC +4)
You are immune to poison.
You resist negative energy. (rN+)
You are resistant to electric shocks. (rElec)
You are resistant to unholy torment.
You are immune to petrification.


Message History

The orc barely misses you.
The orc hits you from afar with a +0 trident.
Your Dodging skill increases to level 1!
You have reached level 5!
You puncture the orc!
You kill the orc!
You hear some strange, mumbled words.
A magic dart appears from out of thin air!
The magic dart hits you but does no damage.
You hear some strange, mumbled words.
A puff of flame appears from out of thin air!
The puff of flame hits you. You resist. The orc hits you but does no damage.
You are too injured to fight recklessly!
You hit something. Something barely misses you. The orc completely misses you.
You barely miss something. Something hits you but does no damage.
The orc misses you. Something hits you but does no damage.
You miss something. Something hits you but does no damage.
The orc closely misses you. You block the orc's attack. Something hits you.
The orc hits you but does no damage.
You puncture something! The orc closely misses you.
The orc hits you but does no damage. Something hits you but does no damage.
You block something's attack. The orc barely misses you.
The orc hits you but does no damage. The orc misses you.
You miss something.
The orc wizard seems less confused.
Something hits you.
You hear some strange, mumbled words.
A magic dart appears from out of thin air!
The magic dart hits you.
* * * LOW HITPOINT WARNING * * *
The orc closely misses you. x2; The orc hits you but does no damage.
You closely miss something.
You hear some strange, mumbled words.
A puff of flame appears from out of thin air!
The puff of flame hits you. You resist.
* * * LOW HITPOINT WARNING * * *
Something hits you but does no damage. The orc barely misses you. x2
The orc closely misses you. Something hits you but does no damage.
You miss something. Something hits you but does no damage.
The orc hits you from afar with a +0 trident.
You die...
Xom giggles madly!

#.#####.#
#####.##....#
#..#.o)..#### .
##..#..####
..#####......#
...........#.#
#........o##
#....^..ooo#.####
#..>..o{@{.....#
.####o###..#..#
#.o.......#
.....###..##
#.##.## .# #. ..#
# # ###


You could see an orc wizard and 5 orcs.

Vanquished Creatures
  2 phantoms (D:4)
  2 adders
  A dart slug (D:1)
  2 orcs (D:4)
  2 endoplasms (D:1)
  2 giant cockroaches (D:1)
  2 goblins
  A hobgoblin (D:1)
  A ball python (D:1)
  2 bats
  A rat (D:1)
18 creatures vanquished.

Notes
Turn   | Place    | Note
-------+----------+-------------------------------------------
     0 | D:1      | HallandMoats the Gargoyle Fighter began the quest for the
                  | Orb.
     0 | D:1      | Reached XP level 1. HP: 14/14 MP: 1/1
   200 | D:1      | Found Ylevifei's Book Shoppe.
   361 | D:1      | Reached XP level 2. HP: 19/19 MP: 2/2
   473 | D:1      | Found a faded altar of an unknown god.
   518 | D:1      | Prayed at the altar of an unknown god.
   518 | D:1      | Became a worshipper of Xom of Swiftly Tilting Intent
   599 | D:1      | XOM: divination: detect creatures
   655 | D:1      | XOM: silly message
  1021 | D:2      | XOM: cast spell 'Olgreb's Toxic Radiance'
  1024 | D:2      | Reached skill level 1 in Invocations
  1136 | D:2      | XOM: 7-stop teleportation journey
  1195 | D:2      | You fall into a shaft and drop 2 floors!
  1197 | D:4      | Noticed a phantom
  1207 | D:4      | Killed a phantom
  1208 | D:4      | Reached skill level 4 in Fighting
  1208 | D:4      | Reached XP level 3. HP: 13/24 MP: 2/4
  1208 | D:4      | Reached XP level 4. HP: 16/29 MP: 2/5
  1361 | D:4      | Noticed a phantom
  1372 | D:4      | XOM: enchant monster (good)
  1380 | D:4      | Killed a phantom
  1380 | D:4      | XOM: swap monsters
  1381 | D:4      | Reached skill level 1 in Dodging
  1381 | D:4      | Reached XP level 5. HP: 17/33 MP: 6/6
  1388 | D:4      | Slain by an orc

Illustrated notes

Levels and vault maps discovered:
D:1:      mrwooster_arrival_arrow, layout_basic,
          ebering_ecumenical_altar_abandoned, serial_shops, shop_statue,
          chequers_big_river, minmay_misc_feat_cross,
          chequers_serial_rivers_small_b
D:2:      layout_basic, serial_corexii_hall, chequers_hall_statues_y,
          chequers_hall_statues_wall_a
D:4:      layout_rooms, gammafunk_ghost_stat_death, hangedman_decor_riveting,
          minmay_goblin_outpost

Skill      XL: |  1  2  3  4 |
---------------+-------------+-----
Polearms       | 2 |  2.8
Invocations    | 1 2 |  2.4
Fighting       | 4 |  4.2
Dodging        | 1 |  1.1
Armour         | |  3.8
Shields        | |  3.8

Action                   |  1- 3 |  4- 6 || total
-------------------------+-------+-------++-------
Melee: Trident           |    42 |    32 ||    74
  Use: Potion            |       |     1 ||     1
Armor: Scale mail        |    11 |    26 ||    37
Dodge: Dodged            |    18 |    29 ||    47
Block: Buckler           |     6 |     4 ||    10

Table legend: (Time is in decaauts)
 A = Elapsed time spent in this place.
 B = Non-inter-level travel time spent in this place.
 C = Inter-level travel time spent in this place.
 D = Time resting spent in this place.
 E = Time spent auto-exploring this place.
 F = Levels seen in this place.
 G = Mean time per level.
                   A        B        C        D        E       F      G
               +--------+--------+--------+--------+--------+-----+--------+
         Total |   1415 |   1359 |     56 |      0 |   1200 |   3 |  471.7 |
       Dungeon |   1415 |   1359 |     56 |      0 |   1200 |   3 |  471.7 |
               +--------+--------+--------+--------+--------+-----+--------+

Top non-repeatable levels by time:
     D:1: 999 daAuts
     D:2: 213 daAuts
     D:4: 201 daAuts
